 Dungeon Crawl Stone Soup version 0.31-a0-549-gf98fd537a9 (webtiles) character file.

Game seed: 4688976137662497778

538 AdnanSaban the Cudgeller (level 7, -3/44 HPs)
             Began as a Gargoyle Fighter on Aug 16, 2023.
             Slain by Edmund
             ... wielding a +2 heavy flail
              (15 damage)
             ... on level 4 of the Dungeon.
             The game lasted 00:02:43 (3049 turns).

AdnanSaban the Cudgeller (Gargoyle Fighter)         Turns: 3049, Time: 00:02:43

Health: -3/44      AC: 22    Str: 22    XL:     7   Next: 26%
Magic:  7/7        EV:  8    Int:  8    God:
Gold:   196        SH:  5    Dex: 15    Spells: 6/6 levels left

rFire   . . .        t - +0 morningstar (protect)
rCold   . . .        c - +0 buckler
rNeg    + . .        o - +0 chain mail
rPois   ∞            (no helmet)
rElec   +            (no cloak)
rCorr   .            q - +0 pair of gloves
SInv    .            (no boots)
Will    .....        (no amulet) Stlth
                     i - +6 ring of dexterity
HPRegen 0.27/turn    (no ring)
MPRegen 0.10/turn

%: no passive effects
@: under a protective aura
A: sickness immunity, AC +4, negative energy resistance 1, electricity
resistance, torment resistance 1, petrification resistance
a: no special abilities


You were on level 4 of the Dungeon.
You visited 1 branch of the dungeon, and saw 4 of its levels.

You collected 196 gold pieces.

Inventory:

Hand Weapons
 t - a +0 morningstar of protection (weapon)
Missiles
 f - 17 poisoned darts
Armour
 c - a +0 buckler (worn)
 o - a +0 chain mail (worn)
 q - a +0 pair of gloves (worn)
Jewellery
 i - a +6 ring of dexterity (left hand)
 w - a +5 ring of evasion
Scrolls
 a - a scroll of immolation {unknown}
 b - a scroll of noise {unknown}
 e - a scroll of fear {unknown}
 g - 5 scrolls of identify {unknown}
 j - 2 scrolls of vulnerability {unknown}
 m - a scroll of revelation {unknown}
 p - a scroll of brand weapon {unknown}
 r - a scroll of blinking {unknown}
 s - a scroll of poison {unknown}
 u - a scroll of enchant weapon {unknown}
Potions
 d - a potion of might
 h - 3 potions of haste {unknown}
 k - 4 potions of brilliance {unknown}
 l - 3 potions of curing {unknown}
 n - a potion of heal wounds {unknown}
 v - a potion of enlightenment {unknown}


   Skills:
 + Level 4.7 Fighting
 + Level 5.4 Maces & Flails
 + Level 4.5 Armour
 + Level 1.5 Dodging
 + Level 4.3 Shields


You had 6 spell levels left.
You didn't know any spells.
Your spell library contained the following spells:

 Spells                   Type           Power      Damage    Failure   Level
 Ensorcelled Hibernation  Hex/Ice        0%         N/A       99%         2
 Passwall                 Tmut/Erth      0%         N/A       99%         2
 Swiftness                Air            0%         N/A       100%        3


Dungeon Overview and Level Annotations

Branches:
Dungeon (4/15)
 Temple: D:4-7

Altars:

Annotations:
D:4 Edmund


Innate Abilities, Weirdness & Mutations

You are immune to sickness and miasma.
Your stone body is resilient. (AC +4)
You are immune to poison.
You resist negative energy. (rN+)
You are resistant to electric shocks. (rElec)
You are resistant to unholy torment.
You are immune to petrification.


Message History

You block Edmund's attack. The iguana completely misses you.
You sock the iguana!
You kill the iguana!
Edmund barely misses you.
You barely miss Edmund. Edmund hits you but does no damage.
You closely miss Edmund. You closely miss Edmund.
Edmund hits you with a +2 heavy flail!
You barely miss Edmund. Edmund completely misses you.
Edmund is nearby!
Edmund is nearby!
You barely miss Edmund. Edmund hits you but does no damage.
You hit Edmund.
Your weapon exudes an aura of protection.
Edmund is lightly wounded.
Edmund hits you with a +2 heavy flail!
* * * LOW HITPOINT WARNING * * *
You sock Edmund!
Edmund is moderately wounded.
You block Edmund's attack.
You hit Edmund.
Edmund is moderately wounded.
Edmund hits you but does no damage.
You closely miss Edmund.
Edmund is moderately wounded.
You hit Edmund but do no damage.
Edmund is moderately wounded.
You block Edmund's attack.
You closely miss Edmund.
Edmund is moderately wounded.
Edmund hits you but does no damage.
You hit Edmund but do no damage.
Edmund is moderately wounded.
Edmund hits you but does no damage.
You sock Edmund!
Edmund is heavily wounded.
You block Edmund's attack.
You barely miss Edmund.
Edmund is heavily wounded.
Edmund hits you with a +2 heavy flail!
You die...

.# ## # [.. .. . .## #.###.###.
... ..........#.# #.###.##... ###
......#.#.#..## .##
##†##...#..#.. .. ...
#..@#.#.#.#..#### #. ...
..#...#.@.#...#.......#. ..
#.#.#...#.#.#.#..####.#. ..
...##.##...#........... .#######
#.#.......#.#.#..#......
.#.....#...##.###.##...#..#.####.
.#.....#.#...........#.#.........
......)).##.###.###.##...##.#####
##...†.#............)..#.#.......


You could see Edmund.

Vanquished Creatures
  Sigmund (D:4)
  A scorpion (D:4)
  A hound (D:4)
  An orc priest (D:4)
  Jessica (D:2)
  2 iguanas (D:4)
  An orc wizard (D:4)
  8 adders
  A worm (D:4)
  A dart slug (D:4)
  9 orcs
  8 ball pythons
  4 endoplasms
  A giant cockroach (D:1)
  15 goblins
  13 hobgoblins
  7 kobolds
  5 quokkas
  4 bats
  2 frilled lizards (D:3)
  4 rats
90 creatures vanquished.

Notes
Turn   | Place    | Note
-------+----------+-------------------------------------------
     0 | D:1      | AdnanSaban the Gargoyle Fighter began the quest for the
                  | Orb.
     0 | D:1      | Reached XP level 1. HP: 14/14 MP: 1/1
    87 | D:1      | Reached XP level 2. HP: 19/19 MP: 2/2
   728 | D:2      | Reached XP level 3. HP: 23/23 MP: 3/3
   794 | D:2      | Noticed Jessica
   800 | D:2      | Killed Jessica
   801 | D:2      | Reached XP level 4. HP: 26/29 MP: 4/4
   874 | D:2      | Reached skill level 3 in Maces & Flails
  1529 | D:3      | Reached XP level 5. HP: 33/33 MP: 5/5
  1712 | D:3      | Reached skill level 1 in Dodging
  1952 | D:3      | Identified the +1 robe of Moral Flaws {Int+3}
  2083 | D:4      | Noticed Sigmund
  2218 | D:4      | Killed Sigmund
  2219 | D:4      | Reached skill level 4 in Maces & Flails
  2219 | D:4      | Reached XP level 6. HP: 29/39 MP: 6/6
  2504 | D:4      | Reached skill level 5 in Maces & Flails
  2504 | D:4      | Reached XP level 7. HP: 35/44 MP: 7/7
  3026 | D:4      | Noticed Edmund
  3049 | D:4      | Slain by Edmund

Illustrated notes

Levels and vault maps discovered:
D:1:      dpeg_arrival_morbid_curiosity, layout_basic, minivault_25
D:2:      layout_loops_ring, minmay_misc_feat_rows, uniq_jessica
D:3:      layout_loops_ring
D:4:      cheibrodos_greedy_goblins, layout_basic,
          nicolae_concentric_dashed_squares_wild, uniq_edmund, uniq_sigmund

Skill      XL: |  1  2  3  4  5  6 |
---------------+-------------------+-----
Maces & Flails | 3 4 5 |  5.4
Fighting       | 4 |  4.7
Armour         | 4 |  4.5
Dodging        | 1 |  1.5
Shields        | 4 |  4.3

Action                     |  1- 3 |  4- 6 |  7- 9 || total
---------------------------+-------+-------+-------++-------
  Melee: Flail             |    62 |   154 |       ||   216
         Morningstar       |       |    23 |    64 ||    87
 Armour: Scale mail        |    41 |     4 |       ||    45
         Chain mail        |       |    90 |    38 ||   128
  Dodge: Dodged            |    37 |    52 |    18 ||   107
  Block: Buckler           |     9 |    48 |    12 ||    69

Table legend: (Time is in decaauts)
 A = Elapsed time spent in this place.
 B = Non-inter-level travel time spent in this place.
 C = Inter-level travel time spent in this place.
 D = Time resting spent in this place.
 E = Time spent auto-exploring this place.
 F = Levels seen in this place.
 G = Mean time per level.
                   A        B        C        D        E       F      G
               +--------+--------+--------+--------+--------+-----+--------+
         Total |   3129 |   3023 |    106 |     83 |   2259 |   4 |  782.2 |
       Dungeon |   3129 |   3023 |    106 |     83 |   2259 |   4 |  782.2 |
               +--------+--------+--------+--------+--------+-----+--------+

Top non-repeatable levels by time:
     D:4: 937 daAuts
     D:3: 771 daAuts
     D:2: 715 daAuts
     D:1: 704 daAuts
